 Dungeon Crawl Stone Soup version 0.20.1-1-g8b1a95d (webtiles) character file.

881 Monsterracer the Ruffian (level 7, -8/70 HPs)
             Began as a Troll Necromancer on Sept 24, 2017.
             Was an Initiate of Ru.
             Mangled by an ogre
             ... wielding a +0 giant club
              (18 damage)
             ... on level 5 of the Dungeon.
             The game lasted 00:05:56 (3982 turns).

Monsterracer the Ruffian (Troll Necromancer)        Turns: 3982, Time: 00:05:56

Health: -8/70      AC:  7    Str: 19    XL:     7   Next: 75%
Magic:  7/7        EV:  9    Int: 11    God:    Ru [......]
Gold:   286        SH:  0    Dex: 10    Spells: 7/8 levels left

rFire    . . .     SeeInvis .     - Unarmed
rCold    . . .     Gourm    +   (no shield)
rNeg     . . .     Faith    .   a - +0 robe
rPois    .         Spirit   .   (helmet restricted)
rElec    .         Reflect  .   s - +1 cloak
rCorr    .         Harm     .   (gloves unavailable)
MR       +....                  (boots unavailable)
Stlth    +.........             (no amulet)
Regen    0.7/turn               b - ring of protection from magic
MPRegen  0.1/turn               (no ring)

@: marked, drained
A: unfitting armour, claws 3, fast metabolism 3, gourmand, regeneration 1,
shaggy fur 1, tough skin 2
a: Renounce Religion


You were on level 5 of the Dungeon.
You worshipped Ru.
Ru was noncommittal.
You were not hungry.

You visited 2 branches of the dungeon, and saw 6 of its levels.

You collected 286 gold pieces.

Inventory:

Armour
 a - a +0 robe (worn)
 s - a +1 cloak (worn)
Jewellery
 b - a ring of protection from magic (left claw)
Wands
 q - a wand of iceblast (13/15)
Scrolls
 e - a scroll of fog
 i - a scroll of recharging
 k - 2 scrolls of remove curse
 r - a scroll of fear
Potions
 d - a potion of brilliance {unknown}
 f - 5 potions of heal wounds
 g - 3 potions of curing
 j - 2 potions of might
 m - a potion of ambrosia
 o - 2 potions of flight
 p - a potion of invisibility
Comestibles
 c - 6 bread rations
 l - 4 royal jellies
 v - a fruit


   Skills:
 + Level 4.0(3.7) Fighting
 + Level 1.6(1.3) Dodging
 - Level 1.0(0.7) Stealth
 * Level 7.1(6.7) Unarmed Combat
 - Level 1.2(0.9) Spellcasting
 - Level 3.2(2.9) Necromancy


You had 7 spell levels left.
You knew the following spells:

 Your Spells              Type           Power        Failure   Level  Hunger
a - Pain                  Necr           #...         10%         1    ##.....


Dungeon Overview and Level Annotations

Branches:
Dungeon (5/15)             Temple (1/1) D:4

Altars:
Ashenzari
Dithmenos
Elyvilon
Fedhas
Hepliaklqana
Kikubaaqudgha
Makhleb
Nemelex Xobeh
Okawaru
Ru
Sif Muna
Uskayaw
Xom
Yredelemnul
Zin
The Shining One


Innate Abilities, Weirdness & Mutations

You are too large for most types of armour.
You have claws for hands.
Your metabolism is lightning-fast.
You like to eat raw meat.
Your natural rate of healing is unusually fast.
You are covered in fur. (AC +1)
You have very tough skin. (AC +2)


Message History

You barely miss the ogre.
You scratch the crimson imp but do no damage.
The ogre closely misses you. The crimson imp closely misses you.
You claw the crimson imp!
The crimson imp is severely wounded.
The ogre hits you with a giant club!
Damage: -17%(-12hp) hp: 83%(58hp)
You mangle the crimson imp!!
You kill the crimson imp!
You mangle the ogre!!
The ogre is severely wounded.
The ogre hits you with a giant club!
Huge Dmg: -17%(-12hp) hp: 68%(47hp)
You scratch the ogre.
The ogre is severely wounded.
The ogre hits you with a giant club!!
* * * LOW HITPOINT WARNING * * *
A leopard gecko comes into view.
Huge Dmg: -33%(-23hp) hp: 35%(24hp)
You barely miss the ogre.
The ogre is severely wounded.
The ogre hits you with a giant club!
* * * LOW HITPOINT WARNING * * *
Huge Dmg: -23%(-16hp) hp: 12%(8hp)
You closely miss the ogre.
The ogre is severely wounded.
You barely miss the ogre.
The ogre is severely wounded.
The ogre hits you with a giant club!!
You die...

#..♣...♣#.#.#.#.#.##
#..._..#########..
##...^≈## .....
##...## ###.. ##.##
#..# # ##.$#.###
##l......#
#.@...#..#
#...O...## ..$
......##..# # ...##.
##..# ## #. #.... .
..... . ...... ._...


You could see an ogre and a leopard gecko.

Vanquished Creatures
  Prince Ribbit (D:5)
  Menkaure (D:5)
  A phantom (D:5)
  The ghost of tarantulino the Slasher, an amateur TeGl (D:4)
  A wight (D:5)
  A crimson imp (D:5)
  A hound (D:4)
  Crazy Yiuf (D:3)
  An iguana (D:4)
  Jessica (D:2)
  Ijyb (D:3)
  2 worker ants (D:4)
  A hound skeleton (D:5)
  5 adders
  2 oozes
  An adder skeleton (D:3)
  4 worms
  4 dart slugs
  2 leopard geckos
  An orc (D:4)
  4 giant cockroaches
  7 goblins
  6 hobgoblins
  8 jackals
  9 kobolds
  4 quokkas
  10 bats
  2 frilled lizards (D:1)
  2 quokka skeletons (D:5)
  6 rats
91 creatures vanquished.

Notes
Turn   | Place    | Note
-------+----------+-------------------------------------------
     0 | D:1      | Monsterracer the Troll Necromancer began the quest for the Orb.
     0 | D:1      | Reached XP level 1. HP: 16/16 MP: 1/1
   148 | D:1      | Reached skill level 1 in Unarmed Combat
   148 | D:1      | Reached XP level 2. HP: 26/26 MP: 2/2
   183 | D:1      | Reached skill level 1 in Fighting
   387 | D:1      | Reached skill level 2 in Unarmed Combat
   469 | D:1      | Reached XP level 3. HP: 33/33 MP: 3/3
   919 | D:2      | Found a blossoming altar of Fedhas.
   978 | D:2      | Noticed Jessica
   983 | D:2      | Killed Jessica
   983 | D:2      | Reached skill level 3 in Unarmed Combat
   983 | D:2      | Reached XP level 4. HP: 36/42 MP: 4/4
  1754 | D:3      | Reached XP level 5. HP: 31/49 MP: 5/5
  1867 | D:3      | Noticed Ijyb
  1885 | D:3      | Killed Ijyb
  2112 | D:3      | Reached skill level 4 in Unarmed Combat
  2209 | D:3      | Found a runed door.
  2436 | D:3      | Noticed Crazy Yiuf
  2440 | D:3      | Killed Crazy Yiuf
  2602 | D:4      | Noticed tarantulino's ghost (amateur TeGl)
  2612 | D:4      | Killed tarantulino's ghost
  2612 | D:4      | Reached XP level 6. HP: 34/59 MP: 6/6
  2672 | D:4      | Reached skill level 5 in Unarmed Combat
  2778 | D:4      | Found a staircase to the Ecumenical Temple.
  2783 | Temple   | Entered the Ecumenical Temple
  3095 | Temple   | Became a worshipper of Ru the Awakened
  3527 | D:5      | Entered Level 5 of the Dungeon
  3663 | D:5      | Found a sparkling altar of Nemelex Xobeh.
  3694 | D:5      | Noticed Prince Ribbit
  3699 | D:5      | Killed Prince Ribbit
  3699 | D:5      | Reached skill level 6 in Unarmed Combat
  3699 | D:5      | Reached XP level 7. HP: 42/68 MP: 7/7
  3766 | D:5      | Noticed Menkaure
  3779 | D:5      | Killed Menkaure
  3900 | D:5      | Reached skill level 7 in Unarmed Combat
  3960 | D:5      | Found a shimmering altar of Xom.
  3962 | D:5      | Found a shimmering altar of Xom.
  3963 | D:5      | Found a shimmering altar of Xom.
  3973 | D:5      | Found a shadowy altar of Dithmenos.
  3979 | D:5      | HP: 24/70 [ogre/giant club (24)]
  3980 | D:5      | HP: 8/70 [ogre/giant club (16)]
  3982 | D:5      | Mangled by an ogre

Skill      XL: |  1  2  3  4  5  6  7 |
---------------+----------------------+-----
Unarmed Combat | 1 2 3 4 6 7 |  7.1
Fighting       | 1 2 3 4 |  4.0
Dodging        | |  1.6
Stealth        | |  1.0
Spellcasting   | |  1.2
Necromancy     | |  3.2

Action                   |  1- 3 |  4- 6 |  7- 9 || total
-------------------------+-------+-------+-------++-------
Melee: Unarmed           |   102 |   189 |    22 ||   313
       Punch             |       |     2 |     1 ||     3
  Use: Scroll            |       |    15 |       ||    15
 Stab: Sleeping          |     3 |     3 |       ||     6
  Eat: Chunk             |    15 |    18 |     4 ||    37
Armor: Robe              |    37 |    56 |     5 ||    98
Dodge: Dodged            |    60 |    64 |     4 ||   128

Vault maps used:
D:1:      lemuel_arrival_behind_the_door_large
D:2:      fedhas_altar_2, corexii_leaking_fountain, minmay_hedge_maze,
          uniq_jessica
D:3:      uniq_ijyb, uniq_crazy_yiuf_cottage
D:4:      minmay_temple_entry_butterflies
D:5:      nemelex_xobeh_ov_fountains_minmay, xom_redecorated, first_bread,
          nicolae_dithmenos_shadow_blocks, uniq_prince_ribbit1, uniq_menkaure
Temple:   minmay_temple_forest_path
